 Dungeon Crawl Stone Soup version 0.25.1-2-g60ff931df9 (webtiles) character file.

Game seed: 7902330303441099227

2337 Ijustatesigmund the Chopper (level 9, 0/64 HPs)
             Began as an Octopode Fighter on Sept 14, 2020.
             Slain by a wight
             ... wielding a +3 great sword
              (16 damage)
             ... on level 6 of the Dungeon.
             The game lasted 00:13:36 (6926 turns).

Ijustatesigmund the Chopper (Octopode Fighter)      Turns: 6926, Time: 00:13:37

Health: 0/64       AC:  1    Str: 16    XL:     9   Next: 42%
Magic:  9/9        EV: 13    Int: 10    God:
Gold:   289        SH: 12    Dex: 14    Spells: 8/8 levels left

rFire    . . .     SeeInvis +   a - +4 war axe
rCold    . . .     Gourm    .   b - +3 kite shield
rNeg     . . .     Faith    .   (helmet restricted)
rPois    .         Spirit   .   (no amulet)
rElec    .         Reflect  .   g - ring of see invisible (curse)
rCorr    .         Harm     .   (no ring)
MR       .....                  (no ring)
Stlth    ++........             (no ring)
HPRegen  0.20/turn              (no ring)
MPRegen  0.11/turn              (no ring)
                                (no ring)
                                (no ring)

@: heavily drained
A: almost no armour, stealthy swim, amphibious, 8 rings, constrict 8, camouflage
1, gelatinous body 1
a: no special abilities


You were on level 6 of the Dungeon.
You were not hungry.

You visited 1 branch of the dungeon, and saw 8 of its levels.
You also visited: Ossuary.

You collected 289 gold pieces.

Inventory:

Hand Weapons
 a - a +4 war axe (weapon)
 p - a +0 vampiric hand axe
 r - a +0 whip of freezing
Armour
 b - a +3 kite shield (worn)
Jewellery
 g - a cursed ring of see invisible (left tentacle)
 t - an uncursed ring of fire
Scrolls
 f - 3 scrolls of remove curse
 j - 2 scrolls of identify
 m - 3 scrolls of teleportation
 o - 2 scrolls of fog
 s - a scroll of amnesia
Potions
 c - a potion of might
 e - a potion of resistance
 h - 3 potions of cancellation
 k - a potion of flight
 l - a potion of stabbing
Comestibles
 d - 10 rations


   Skills:
 + Level 7.0(5.0) Fighting
 + Level 7.4(5.4) Axes
 + Level 6.3(4.4) Dodging
 + Level 6.3(4.4) Shields


You had 8 spell levels left.
You didn't know any spells.
Your spell library contained the following spells:

 Spells                   Type           Power        Failure   Level  Hunger
 Corona                   Hex            #......      83%         1    ##.....
 Ensorcelled Hibernation  Hex/Ice        #.....       92%         2    ###....
 Confusing Touch          Hex            #.......     99%         3    ####...
 Dazzling Flash           Conj/Hex       #.....       99%         3    ####...
 Tukima's Dance           Hex            #.......     99%         3    ####...


Dungeon Overview and Level Annotations

Branches:
Dungeon (8/15)            Ossuary (visited)
 Temple: D:4-7         Lair: D:8-11

Altars:
Ashenzari
Dithmenos
Hepliaklqana
Nemelex Xobeh
Qazlal
Trog
Vehumet

Annotations:
D:8 Gastronok


Innate Abilities, Weirdness & Mutations

You cannot wear most types of armour.
You are very stealthy in the water. (Stealth+)
You are amphibious.
You can wear up to eight rings at the same time.
You can use your tentacles to constrict eight enemies at once.
Your skin changes colour to match your surroundings (Stealth+).
Your rubbery body absorbs attacks. (AC +1, EV +1)


Message History

The wight hits you with a +3 great sword!
* * * LOW HITPOINT WARNING * * *
You feel drained.
* * * LOW HITPOINT WARNING * * *
You hear a shout!
There is a stone staircase leading up, spattered with blood here.
Okay, then.
You feel better. You block the wight's attack. You block the wight's attack. x2
You climb upwards.
There is a stone staircase leading down here.
You feel better. You block the wight's attack.
The wight hits you with a +3 great sword!
* * * LOW HITPOINT WARNING * * *
You feel drained.
* * * LOW HITPOINT WARNING * * *
You hit the wight but do no damage. Your grab misses the wight.
You barely miss the wight. You block the wight's attack.
The wight hits you with a +3 great sword!
You die...

#.......#
#.......#
#......##
#....).##
#.......#
#.......#
#......##
#...z[..#
#).[@...#
#...z÷.##
#.......#
#.......#
#.......#
#########


You could see 2 wights.

Vanquished Creatures
  Pikel (D:5)
  A wraith (Ossuary)
  Duvessa (D:6)
  A sky beast (D:5)
  2 black bears (D:6)
  An orc warrior (D:6)
  2 phantoms
  A centaur (D:6)
  An elf skeleton (D:5)
  2 scorpions
  Dowan (D:6)
  2 wights (D:6)
  A jelly (D:6)
  An orc priest (D:5)
  4 hounds
  3 orc wizards
  2 bullfrog skeletons (D:5)
  3 human skeletons (D:5)
  An iguana (D:4)
  3 worker ants
  A mummy (Ossuary)
  2 howler monkey zombies (D:7)
  Robin (D:3)
  5 adders
  A shadow imp (D:8)
  An ooze (D:3)
  A dart slug (D:3)
  3 worms
  3 leopard geckos
  13 orcs
  8 bats
  6 giant cockroaches
  16 goblins
  14 hobgoblins
  16 jackals
  3 quokkas
  4 frilled lizards (D:1)
  9 gnoll skeletons (Ossuary)
  10 kobolds
  8 kobold skeletons (Ossuary)
  A leopard gecko skeleton (D:4)
  9 orc skeletons
  An orc zombie (D:5)
  10 rats
180 creatures vanquished.

Vanquished Creatures (others)
  A sky beast (D:6)
  A slave (D:6)
2 creatures vanquished.

Grand Total: 182 creatures vanquished

Notes
Turn   | Place    | Note
-------+----------+-------------------------------------------
     0 | D:1      | Ijustatesigmund the Octopode Fighter began the quest for
                  | the Orb.
     0 | D:1      | Reached XP level 1. HP: 16/16 MP: 1/1
   107 | D:1      | Reached XP level 2. HP: 15/21 MP: 2/2
   539 | D:1      | Reached XP level 3. HP: 25/26 MP: 3/3
  1491 | D:2      | Reached XP level 4. HP: 32/32 MP: 4/4
  1704 | D:2      | Found a radiant altar of Vehumet.
  2286 | D:3      | Found a shattered altar of Ashenzari.
  2286 | D:3      | Noticed a phantom
  2549 | D:2      | Killed a phantom
  2549 | D:2      | Reached XP level 5. HP: 20/37 MP: 5/5
  2938 | D:3      | You fall into a shaft and drop 2 floors!
  2938 | D:5      | Entered Level 5 of the Dungeon
  2949 | D:5      | Reached XP level 6. HP: 28/44 MP: 6/6
  2953 | D:5      | Reached skill level 5 in Axes
  3465 | D:5      | Found a sand-covered staircase.
  3470 | Ossuary  | Entered an ossuary
  3470 | Ossuary  | Noticed a wraith
  3470 | Ossuary  | Noticed a wraith
  3470 | Ossuary  | Noticed a wraith
  3816 | Ossuary  | Noticed a wraith
  3825 | Ossuary  | Killed a wraith
  3825 | Ossuary  | Reached skill level 5 in Fighting
  3825 | Ossuary  | Reached XP level 7. HP: 50/50 MP: 7/7
  4260 | D:3      | Noticed Robin
  4267 | D:3      | Killed Robin
  4744 | D:4      | Reached XP level 8. HP: 54/56 MP: 8/8
  5022 | D:5      | Found a stormy altar of Qazlal.
  5484 | D:6      | Noticed Dowan
  5485 | D:6      | Noticed Duvessa
  5492 | D:6      | Killed Dowan
  5499 | D:6      | Killed Duvessa
  5499 | D:6      | Reached skill level 5 in Dodging
  5499 | D:6      | Reached skill level 5 in Shields
  5569 | D:6      | Found a sparkling altar of Nemelex Xobeh.
  5614 | D:6      | Noticed Pikel
  5635 | D:5      | Killed Pikel
  5732 | D:6      | Reached XP level 9. HP: 50/63 MP: 9/9
  6332 | D:7      | Found a shadowy altar of Dithmenos.
  6339 | D:7      | Found a hazy altar of Hepliaklqana.
  6374 | D:7      | You fall into a shaft and drop 1 floor!
  6375 | D:8      | Found a bloodstained altar of Trog.
  6376 | D:8      | Noticed Gastronok
  6926 | D:6      | Slain by a wight

Illustrated notes

Levels and vault maps discovered:
D:1:      moated_graveyard_arrival, layout_basic, moated_statue
D:2:      layout_basic, marbit_many_paths
D:3:      layout_rooms, cheibrodos_ashenzari_chains, uniq_robin
D:4:      layout_rooms, first_ration
D:5:      layout_loops_ring, grunt_qazlal_clouds,
          nicolae_ossuary_entry_catacombs
D:6:      layout_gridville, nemelex_xobeh_ov_fountains_minmay, uniq_duvessa,
          uniq_pikel
D:7:      layout_basic, riverfiend_overflow_shadow_ancestor,
          lemuel_crystal_altar, old_standard_altar,
          yredelemnul_forgotten_temple_becter, led_sif_pool,
          minmay_temple_entry_statues_fountains, uniq_prince_ribbit1
D:8:      layout_rooms, overflow_temple_1_default, grunt_ogre_cave,
          uniq_gastronok

Skill      XL: |  1  2  3  4  5  6  7  8  9 |
---------------+----------------------------+-----
Axes           | 3 4 5 6 7 |  7.4
Fighting       | 4 5 6 7 |  7.0
Dodging        | 4 5 6 |  6.3
Shields        | 4 5 6 |  6.3

Action                   |  1- 3 |  4- 6 |  7- 9 || total
-------------------------+-------+-------+-------++-------
Melee: War axe           |    67 |   128 |   121 ||   316
       Constrict         |    20 |    32 |    31 ||    83
       Tentacles         |     5 |    21 |    36 ||    62
       Hand axe          |       |       |    18 ||    18
  Use: Potion            |     2 |     3 |     7 ||    12
       Scroll            |     7 |     5 |    10 ||    22
 Stab: Sleeping          |     8 |    13 |     9 ||    30
       Distracted        |       |     1 |       ||     1
  Eat: Chunk             |     2 |     5 |     9 ||    16
       Ration            |       |     1 |       ||     1
Armor: Skin              |     3 |     4 |     5 ||    12
Dodge: Dodged            |    26 |    32 |    74 ||   132
Block: Kite shield       |    35 |    59 |    89 ||   183
